 Dungeon Crawl Stone Soup version 0.30.0-29-ga12c61a403 (webtiles) character file.

Game seed: 13494762647224499261

3390 olmar the Basher (level 10, -4/80 (92) HPs)
             Began as a Naga Monk on June 8, 2023.
             Slain by a wight
             ... wielding a +0 great sword
              (5 damage)
             ... on level 6 of the Dungeon.
             The game lasted 00:09:14 (6660 turns).

olmar the Basher (Naga Monk)                        Turns: 6660, Time: 00:09:15

HP:   -4/80 (92)    AC:  9    Str: 21    XL:     10   Next: 4%
MP:   10/10         EV:  9    Int: 11    God:
Gold: 402           SH:  0    Dex: 13    Spells: 9/9 levels left

rFire   . . .        A - +4 flail (freeze)
rCold   . . .        d - orb {light}
rNeg    . . .        F - +1 scale mail of the Present {Rampage rElec Str+3 SInv}
rPois   +            (no helmet)
rElec   +            (no cloak)
rCorr   .            g - +0 pair of gloves
SInv    +            (no barding)
Will    ++...        (no amulet)
Stlth   +            D - ring of willpower
HPRegen 0.33/turn    (no ring)
MPRegen 0.12/turn

%: rampage
@: about to teleport, glowing, heavily drained, very slow
A: AC +3, large, see invisible, deformed body, poison resistance, slowness 2,
spit poison 1, naga tail 1
a: Spit Poison


You were on level 6 of the Dungeon.
You visited 1 branch of the dungeon, and saw 6 of its levels.
You also visited: Sewer.

You collected 402 gold pieces.

Inventory:

Hand Weapons
 a - a +0 mace
 c - a +0 mace of protection
 A - a +4 flail of freezing (weapon)
Missiles
 h - 4 javelins
 o - 28 poisoned darts
 q - 8 curare-tipped darts
Armour
 b - a +0 robe
 d - an orb of light (worn)
 g - a +0 pair of gloves (worn)
 y - a +1 leather armour of fire resistance
 F - the +1 scale mail of the Present (worn) {Rampage rElec Str+3 SInv}
   (You found it on level 5 of the Dungeon)

   Str:       It affects your strength (+3).
   rElec:     It insulates you from electricity.
   SInv:      It lets you see invisible.
   Rampage:   It bestows one free step when moving towards enemies.
Jewellery
 j - a ring of flight
 t - the ring "Ibudor" {Ice rElec rPois}
   (You found it on level 3 of the Dungeon)

   [ring of ice]

   It enhances your ice magic.
   rF:        It makes you vulnerable to fire.
   rC:        It protects you from cold.
   rElec:     It insulates you from electricity.
   rPois:     It protects you from poison.
 D - a ring of willpower (left hand)
 J - a ring of fire
 L - a +4 ring of slaying
 N - a ring of ice
Wands
 v - a wand of charming (9)
 B - a wand of iceblast (3) (quivered)
 M - a wand of flame (17)
Scrolls
 i - 3 scrolls of teleportation
 s - 3 scrolls of vulnerability
 x - 2 scrolls of fear
 C - a scroll of poison
 H - a scroll of fog {unknown}
 I - a scroll of summoning
 K - a scroll of amnesia {unknown}
Potions
 e - a potion of haste
 f - a potion of resistance
 k - a potion of magic {unknown}
 l - a potion of heal wounds {unknown}
 m - 4 potions of curing {unknown}
 n - 2 potions of flight {unknown}
 p - 3 potions of cancellation {unknown}
 r - a potion of degeneration {unknown}
 u - 2 potions of berserk rage {unknown}
 w - 2 potions of attraction {unknown}
 z - a potion of ambrosia
 E - a potion of might {unknown}
 G - a potion of brilliance {unknown}


   Skills:
 + Level 6.6 Fighting
 + Level 10.1 Maces & Flails
 + Level 4.3 Armour
 + Level 5.1 Dodging
 + Level 2.3 Stealth
 + Level 1.6 Evocations


You had 9 spell levels left.
You didn't know any spells.
Your spell library contained the following spells:

 Spells                   Type           Power      Damage    Failure   Level
 Summon Small Mammal      Summ           0%         N/A       67%         1
 Call Canine Familiar     Summ           0%         N/A       95%         3
 Summon Guardian Golem    Hex/Summ       0%         N/A       95%         3


Dungeon Overview and Level Annotations

Branches:
Dungeon (6/15)              Sewer (visited)
 Temple: D:4-7

Altars:
Kikubaaqudgha
Yredelemnul

Annotations:
D:3 1 runed translucent door, JMMCWHIRT's ghost, amateur DjIE


Innate Abilities, Weirdness & Mutations

Your serpentine skin is tough. (AC +3)
You have supernaturally acute eyesight. (SInv)
Armour fits poorly on your strangely shaped body.
Your system is resistant to poisons. (rPois)
You cover ground very slowly.
You can spit poison.
You have a snake-like lower body.


Message History

You are too injured to fight recklessly!
You are too injured to fight recklessly!
You are too injured to fight recklessly!
You are too injured to fight recklessly!
You are too injured to fight recklessly!
You are too injured to fight recklessly!
You are too injured to fight recklessly!
You are too injured to fight recklessly!
You are too injured to fight recklessly!
You are too injured to fight recklessly!
You are too injured to fight recklessly!
You are too injured to fight recklessly!
You are too injured to fight recklessly!
You are too injured to fight recklessly!
You are too injured to fight recklessly!
Unknown command.
As you read the scroll of teleportation, it crumbles to dust.
You feel strangely unstable. The adder closely misses you.
The wight hits you with a +3 dire flail.
The wight hits you from afar with a +0 halberd!
* * * LOW HITPOINT WARNING * * *
You feel drained.
* * * LOW HITPOINT WARNING * * *
The wight hits you with a +0 great sword.
* * * LOW HITPOINT WARNING * * *
The adder bites you but does no damage.
Unknown command.
The wight attacks as you move away!
The wight hits you with a +3 dire flail!
* * * LOW HITPOINT WARNING * * *
You feel drained.
* * * LOW HITPOINT WARNING * * *
The adder bites you but does no damage.
Unknown command.
The adder attacks as you move away! The adder barely misses you.
The wight attacks as you move away!
The wight hits you with a +0 great sword!
* * * LOW HITPOINT WARNING * * *
You feel drained.
You die...

*...........#.##.....
*...........#.##.#.##
*...........#.##.....
*.........).#.##....#
*#######.##.#.###...#
##########.##.#.......#
#..$.......##.####....#
#..........+..#..#.#.#.
#.....@z..[####..#.#.#.
#...?.Sz...# #..#.....
#.....z....# ##..#~#.#.
#..........# #..##~....
#..........###..#~~~..#
#.......!..##..##~≈~..#
#..........##..#≈≈≈~...
#.........$##..##≈~~...
#..........###..#~~~###


You could see 3 wights and an adder.

Vanquished Creatures
  A troll (D:6)
  Grinder (D:4)
  Sigmund (D:5)
  A black bear (D:3)
  An ice beast (D:6)
  A hornet zombie (D:6)
  2 ogres
  3 phantoms
  7 kobold brigands
  2 necrophages (D:6)
  A bullfrog (D:6)
  A wyvern zombie (D:6)
  2 scorpions
  2 wights (D:5)
  A vampire bat (D:4)
  4 bullfrog zombies (D:6)
  2 centaur zombies (D:6)
  A jelly (D:4)
  5 hounds
  A human zombie (D:6)
  An orc priest (D:5)
  A sleepcap (D:6)
  2 iguanas (D:4)
  2 orc wizards
  A killer bee zombie (D:6)
  A mummy (D:6)
  A howler monkey zombie (D:6)
  2 gnolls (D:5)
  13 adders
  A river rat (D:6)
  A white imp (D:5)
  5 worms
  A dart slug (D:3)
  14 orcs
  9 endoplasms
  4 giant cockroaches
  8 goblins
  11 hobgoblins
  9 jackals
  19 kobolds
  2 quokkas
  11 ball pythons
  16 bats
  6 frilled lizards
  11 rats
192 creatures vanquished.

Vanquished Creatures (collateral kills)
  A phantom (D:5)
  A scorpion (D:5)
  2 wights (D:5)
  A gnoll bouda (D:5)
  A gnoll (D:5)
6 creatures vanquished.

Vanquished Creatures (others)
  2 gnolls (D:5)
2 creatures vanquished.

Grand Total: 200 creatures vanquished

Notes
Turn   | Place    | Note
-------+----------+-------------------------------------------
     0 | D:1      | olmar the Naga Monk began the quest for the Orb.
     0 | D:1      | Reached XP level 1. HP: 21/21 MP: 1/1
   405 | D:1      | Reached XP level 2. HP: 27/28 MP: 2/2
   785 | D:1      | Found a faded altar of an unknown god.
  1067 | D:2      | Reached XP level 3. HP: 29/34 MP: 3/3
  1772 | D:2      | Reached XP level 4. HP: 44/44 MP: 4/4
  1964 | D:3      | Found a runed translucent door.
  1965 | D:3      | Noticed JMMCWHIRT's ghost (amateur DjIE)
  1976 | D:3      | Noticed a black bear
  1987 | D:3      | Killed a black bear
  1988 | D:3      | Reached skill level 4 in Maces & Flails
  1988 | D:3      | Reached XP level 5. HP: 23/50 MP: 5/5
  2351 | D:3      | Identified the ring "Ibudor" {Ice rElec rPois}
  2696 | D:4      | Reached skill level 5 in Maces & Flails
  2696 | D:4      | Reached skill level 1 in Stealth
  2696 | D:4      | Reached XP level 6. HP: 43/57 MP: 6/6
  3151 | D:4      | Noticed Grinder
  3179 | D:4      | Killed Grinder
  3180 | D:4      | Reached skill level 6 in Maces & Flails
  3180 | D:4      | Reached XP level 7. HP: 34/66 MP: 7/7
  3822 | D:5      | Entered Level 5 of the Dungeon
  3877 | D:5      | Reached skill level 5 in Fighting
  3944 | D:5      | Reached skill level 7 in Maces & Flails
  3944 | D:5      | Reached skill level 1 in Armour
  3944 | D:5      | Reached XP level 8. HP: 74/74 MP: 8/8
  3948 | D:5      | Noticed Sigmund
  3957 | D:5      | Killed Sigmund
  4019 | D:5      | Reached skill level 1 in Evocations
  4205 | D:5      | Reached skill level 8 in Maces & Flails
  4571 | D:5      | Identified the +1 scale mail of the Present {Rampage rElec
                  | Str+3 SInv}
  4739 | D:6      | Reached XP level 9. HP: 42/81 MP: 9/9
  4799 | D:6      | Found a glowing drain.
  4808 | Sewer    | Entered a sewer
  5147 | Sewer    | Reached skill level 5 in Dodging
  5485 | D:6      | Found a basalt altar of Yredelemnul.
  5624 | D:6      | Reached skill level 9 in Maces & Flails
  6138 | D:6      | Noticed a troll
  6146 | D:6      | Killed a troll
  6512 | D:6      | Reached skill level 10 in Maces & Flails
  6512 | D:6      | Reached XP level 10. HP: 69/92 MP: 10/10
  6586 | D:6      | Found an ancient bone altar of Kikubaaqudgha.
  6660 | D:6      | HP: 1/83 [wight/+0 great sword (10)]
  6660 | D:6      | Slain by a wight

Illustrated notes

Levels and vault maps discovered:
D:1:      lemuel_arrival_hallway, layout_basic, ebering_ecumenical_altar_box,
          minmay_misc_feat_x, feat_on_display
D:2:      layout_basic
D:3:      layout_rooms, gammafunk_ghost_grave
D:4:      wad_river_or_something, layout_basic, roderic_batcave, uniq_grinder
D:5:      cheibrodos_quashed, layout_rooms, uniq_sigmund
D:6:      cheibrodos_thug_alley, layout_basic,
          lemuel_mausoleum_altar_kikubaaqudgha, lemuel_zombie_altar_yredelemnul,
          portal_sewer_entry_b, nrook_mini_backslash

Skill      XL: |  1  2  3  4  5  6  7  8  9 |
---------------+----------------------------+-----
Dodging        | 3 4 5 |  5.1
Fighting       | 4 5 6 |  6.6
Maces & Flails | 4 5 6 7 8 10 | 10.1
Stealth        | 1 2 |  2.3
Armour         | 1 3 4 |  4.3
Evocations     | 1 |  1.6

Action                     |  1- 3 |  4- 6 |  7- 9 | 10-12 || total
---------------------------+-------+-------+-------+-------++-------
  Melee: Mace              |    94 |   129 |   128 |       ||   351
         Flail             |       |       |   216 |    22 ||   238
Ability: Spit Poison       |    18 |    18 |     5 |       ||    41
  Evoke: Wand              |       |       |    11 |       ||    11
    Use: Scroll            |     3 |     1 |     3 |     1 ||     8
         Potion            |     2 |     1 |       |       ||     3
 Armour: Robe              |    25 |    46 |       |       ||    71
         Leather armour    |       |     9 |    90 |       ||    99
         Scale mail        |       |       |    83 |    11 ||    94
  Dodge: Dodged            |    48 |    66 |   172 |    13 ||   299
